Cogmind - Beta 16.1 @@@ ROGUE MODE // 2026.03.06 @ 14:09:07 Player: Runagate Result: Destroyed by 8A-AS2(j) with Overtuned Pulse Rifle Performance ------------- Evolutions (0) 0 Regions Visited (3) 600 Robots Destroyed (45) 225 Value Destroyed (889) 889 Prototype IDs (0) 0 Alien Tech Used (0) 0 Bonus (159) 159 TOTAL SCORE: 1873 Bonus ------- Follower Combat Kills 291 Friendly Fire -132 Cogmind --------- Core Integrity 0/250 Matter 238/300 Energy 248/250 System Corruption 0% Temperature Cool (13) Movement Treading (160) Location -7/Recycling Parts ------- > --- POWER (1) -------- Ion Engine > --- PROPULSION (2) --- Light Treads > --- UTILITY (2) ------ Small Storage Unit Seismic Detector > --- WEAPON (2) ------- Autogun Autogun > --- INVENTORY (8) ---- Ion Engine Light Treads Medium Matter Pod (100) Hardened Light Armor Plating Hardened Light Armor Plating Autogun Autogun Mining Laser Peak State ------------ > --- POWER ------------ Ion Engine > --- PROPULSION ------- Light Treads Light Treads > --- UTILITY ---------- Small Storage Unit Hardened Light Armor Plating > --- WEAPON ----------- Heavy Assault Rifle Heavy Assault Rifle > --- INVENTORY -------- Ion Engine Aluminum Leg Aluminum Leg Improved Terrain Scanner Seismic Detector Seismic Detector Heavy Assault Rifle Mining Laser [Rating: 11] Favorites ----------- Power Ion Engine Engine Ion Engine Propulsion Light Treads Treads Light Treads Leg Aluminum Leg Utility Small Storage Unit Device Seismic Detector Storage Small Storage Unit Protection Hardened Light Armor Plating Weapon Autogun Ballistic Gun Autogun Special Weapon Mining Laser Build | -11 -10 -10 -7 ------- Run | Yrd Mat Sub Rec Slots Evolved . | . . . . Power . | . . . . Propulsion . | . . . . Utility . | . . . . Weapon . | . . . . Parts Attached 26 | 8 18 . . Power 4 | 1 3 . . Engine 4 | 1 3 . . Core . | . . . . Reactor . | . . . . Propulsion 8 | 2 6 . . Treads 4 | . 4 . . Leg 4 | 2 2 . . Wheel . | . . . . Hover . | . . . . Flight . | . . . . Utility 6 | 3 3 . . Device 2 | 2 . . . Storage 2 | 1 1 . . Processor . | . . . . Hackware . | . . . . Protection 2 | . 2 . . Artifact . | . . . . Weapon 8 | 2 6 . . Energy Gun . | . . . . Energy Cannon . | . . . . Ballistic Gun 7 | 2 5 . . Ballistic Cannon . | . . . . Launcher . | . . . . Special Weapon 1 | . 1 . . Impact Weapon . | . . . . Slashing Weapon . | . . . . Piercing Weapon . | . . . . Special Melee Weapon . | . . . . Unidentified Prototypes . | . . . . Parts Lost 2 | . 1 . 1 Power . | . . . . Propulsion 1 | . . . 1 Utility . | . . . . Weapon 1 | . 1 . . Highest Loss Streak 1 | . 1 . 1 To Critical Strikes . | . . . . Average Backups 7 | 3 7 8 8 Power . | . 1 1 1 Propulsion 1 | 1 1 1 1 Utility 2 | . 3 3 3 Weapon 2 | 1 2 3 3 Tool/Special . | . . . . Unused Backups 9 | . 4 . 5 Power 1 | . . . 1 Propulsion 2 | . 1 . 1 Utility 2 | . 1 . 1 Weapon 4 | . 2 . 2 Tool/Special . | . . . . Average Slot Usage (%) 98 | . 99 100 96 Engine 14 | . 14 14 14 Treads 22 | . 20 28 24 Leg 4 | . 7 . . Device 10 | . 9 14 14 Storage 15 | . 16 14 14 Protection 1 | . 2 . . Ballistic Gun 27 | . 27 28 28 Peak Build Rating 11 | 8 11 10 10 Average Rating 9 | 6 9 10 9 On Entrance 6 | . 7 10 10 Avg Prop Armor Cover (%) . | . . . . Naked Turns . | . . . . Heaviest Build 21 | 15 21 17 17 Greatest Support 40 | 20 40 40 40 Greatest Overweight (x) . | . . . . Average Overweight (x) . | . . . . Largest Inventory Capacity 8 | 8 8 8 8 Average Capacity 7 | 7 8 8 8 Most Carried 8 | 8 8 8 8 Average Carried 7 | 4 7 8 8 Final Capacity 8 | 8 8 8 8 Final Carried 8 | 7 8 8 8 Class Distribution -------------------- 57% | Mutant 24% | Scavenger-Mutant 17% | Commander-Mutant Dominant Class ---------------- Mutant | -10/Materials Scavenger-Mutant | -10/Subcaves Commander-Mutant | -7/Recycling Resources | -11 -10 -10 -7 ----------- Run | Yrd Mat Sub Rec Matter Collected 1394 | 418 816 80 80 Remotely . | . . . . Salvage Created 1531 | 307 894 118 212 Parts 97 | 32 47 10 8 Haulers Intercepted 2 | . 2 . . Recyclers Shooed 3 | . 3 . . Parts Field Recycled . | . . . . Retrieved Matter . | . . . . Parts Self-Destructed 13 | . . 13 . Prevented . | . . . . Parts Restored . | . . . . Kills | -11 -10 -10 -7 ------- Run | Yrd Mat Sub Rec Combat Hostiles Destroyed 22 | . 15 4 3 Guns 22 | . 15 4 3 Classes Destroyed 14 | 3 6 1 4 Worker 1 | 1 . . . Builder 1 | . . . 1 Tunneler 9 | 9 . . . Hauler 2 | . 2 . . Recycler 3 | 1 2 . . Mechanic 1 | . 1 . . Operator 2 | . 2 . . Turret 2 | . . 2 . Watcher 1 | . 1 . . Swarmer 7 | . 3 4 . Grunt 12 | . 12 . . Brawler 2 | . . . 2 Sentry 1 | . . . 1 Scrapper 1 | . . . 1 Best Kill Streak 7 | 6 7 6 3 Combat Bots Only 7 | . 7 4 3 Max Kills in Single Turn 2 | 1 1 2 1 Gunslinging . | . . . . Exploded . | . . . . Melee . | . . . . Uniques/NPCs Destroyed . | . . . . Combat | -11 -10 -10 -7 -------- Run | Yrd Mat Sub Rec Hostile Shots Fired 157 | . 92 29 36 Missed 53 | . 29 16 8 Hits 104 | . 63 13 28 Projectile 104 | . 63 13 28 AOE 2 | . . . 2 Critical Strikes 4 | . 2 1 1 Damage Taken 1165 | . 726 100 339 Core 259 | . 146 50 63 Absorbed by Shields . | . . . . Core Remaining (%) 100 | 100 . . . Volleys Fired 127 | 23 75 10 19 Largest 2 | 2 2 2 2 Hottest 100 | 40 100 46 46 Shots Fired 249 | 46 145 20 38 Gun 248 | 46 144 20 38 Cannon . | . . . . Launcher . | . . . . Special 1 | . 1 . . Kinetic 248 | 46 144 20 38 Thermal 1 | . 1 . . Explosive . | . . . . Electromagnetic . | . . . . Robot Hit Streak 18 | 7 18 8 6 Robot Miss Streak 5 | 2 5 2 2 Penetration Max . | . . . . Secondary Targets 5 | . 4 . 1 Max Gunslinging Chain 1 | . 1 . 1 Shots Hit Robots 161 | 28 92 14 27 Core Hits 66 | 12 36 7 11 Critical Kills 2 | . . 1 1 Critical Parts Destroyed 2 | . . 1 1 Critical Strikes 4 | . . 2 2 Destroy 4 | . . 2 2 Melee Attacks . | . . . . Impact . | . . . . Slashing . | . . . . Piercing . | . . . . Sneak Attacks . | . . . . Combat Hostiles . | . . . . Follow-up Attacks . | . . . . Damage Inflicted 2338 | 347 1276 241 474 Guns 2329 | 347 1272 241 469 Cannons . | . . . . Explosions . | . . . . Melee . | . . . . Ramming 9 | . 4 . 5 Kinetic 2329 | 347 1272 241 469 Thermal . | . . . . Explosive . | . . . . Electromagnetic . | . . . . Impact . | . . . . Slashing . | . . . . Piercing . | . . . . Highest Corruption . | . . . . Average Corruption . | . . . . Corruption Purged . | . . . . Corruption Blocked . | . . . . Overload Shots . | . . . . Overflow Damage . | . . . . Projectiles . | . . . . Explosions . | . . . . Melee . | . . . . Knockbacks . | . . . . Impact . | . . . . Kinetic . | . . . . Secondary . | . . . . Self-Inflicted Damage . | . . . . Shots . | . . . . Rammed 4 | . 3 . 1 Targets Rammed 4 | . 3 . 1 Kicked . | . . . . Crushed . | . . . . Highest Temperature 46 | . 46 . 18 Average Temperature 10 | . 11 . 7 Received Heat Transfer 444 | . 366 42 36 Siege Activations . | . . . . Martial Activations . | . . . . Shielding Activations . | . . . . Robots Disrupted . | . . . . Combat Hostiles . | . . . . Robots Corrupted . | . . . . Combat Hostiles . | . . . . Parts Fried . | . . . . Impact Corruptions . | . . . . Robots Melted . | . . . . Combat Hostiles . | . . . . Parts Melted . | . . . . Heat Transferred . | . . . . Parts Sabotaged . | . . . . Parts Stolen . | . . . . Parts Stripped . | . . . . Power Chain Reactions . | . . . . Alert | -11 -10 -10 -7 ------- Run | Yrd Mat Sub Rec Maximum Alert Level . | . . . . Low Security (%) 100 | 100 100 . 100 Level 1 . | . . . . Level 2 . | . . . . Level 3 . | . . . . Level 4 . | . . . . Level 5 . | . . . . High Security . | . . . . Max Security . | . . . . Peak Influence 150 | 15 150 . 104 Initial 78 | . . . 78 Average 49 | 2 61 . 45 Influence Increases 1089 | 55 488 165 381 Destroy 0b10 Robot/C 620 | . 300 120 200 Destroy 0b10 Robot/NC 145 | 55 40 . 50 Destroy Leader 66 | . 66 . . Allied During Kill 96 | . . . 96 Successful Hack 4 | . 4 . . Disable Machine 15 | . 15 . . Destroy Structure 23 | . 3 . 20 Lose Combat Pursuer 120 | . 60 45 15 Influence Decreases 1078 | 55 414 76 533 Entered New Map 121 | . . 36 85 Time Decay 732 | 55 404 40 233 Lost Part 20 | . 10 . 10 Lost Ally 205 | . . . 205 Squads Dispatched 2 | . 2 . . Investigation . | . . . . Extermination . | . . . . Reinforcement 2 | . 2 . . Assault . | . . . . Garrison . | . . . . Intercept . | . . . . Searches Triggered . | . . . . Construction Impeded . | . . . . Haulers Reinforced . | . . . . Active Scanning Responses . | . . . . Cargo Convoy Interrupts . | . . . . Stealth | -11 -10 -10 -7 --------- Run | Yrd Mat Sub Rec Distress Signals 2 | . 2 . . Communications Jammed . | . . . . Distress Signals . | . . . . Times Spotted 44 | . 27 6 11 Peak Tracking Total 6 | . 6 4 5 Tactical Retreats 4 | . 2 1 1 Traps | -11 -10 -10 -7 ------- Run | Yrd Mat Sub Rec Traps Triggered 1 | . 1 . . Indirectly . | . . . . Trap Hack Attempts . | . . . . Triggered . | . . . . Disarmed . | . . . . Reprogrammed . | . . . . Reused . | . . . . Traps Extracted . | . . . . Installed . | . . . . Triggered . | . . . . Machines | -11 -10 -10 -7 ---------- Run | Yrd Mat Sub Rec Machines Disabled 2 | . 1 1 . Max in Single Turn 1 | . 1 1 . Machines Repaired . | . . . . Machines Dismantled . | . . . . Machines Sabotaged . | . . . . Overloaded Fab Kills . | . . . . Hacking | -11 -10 -10 -7 --------- Run | Yrd Mat Sub Rec Machines Accessed 5 | . 5 . . Terminals 5 | . 5 . . Fabricators . | . . . . Repair Stations . | . . . . Recycling Units . | . . . . Scanalyzers . | . . . . Garrison Access . | . . . . Total Hacks 10 | . 10 . . Successful 5 | . 5 . . Failed 5 | . 5 . . Catastrophic . | . . . . Database Lockouts . | . . . . Manual 10 | . 10 . . Terminals 10 | . 10 . . Fabricators . | . . . . Repair Stations . | . . . . Recycling Units . | . . . . Scanalyzers . | . . . . Garrison Access . | . . . . Terminal Hacks . | . . . . Fabricator Hacks . | . . . . Repair Station Hacks . | . . . . Recycling Unit Hacks . | . . . . Scanalyzer . | . . . . Garrison Access Hacks . | . . . . Unauthorized Hacks 5 | . 5 . . Terminals 5 | . 5 . . Skim 5 | . 5 . . Fabricators . | . . . . Repair Stations . | . . . . Recycling Units . | . . . . Scanalyzers . | . . . . Garrison Access . | . . . . Data Cores Recovered . | . . . . Used . | . . . . Hacking Detections 5 | . 5 . . Full Trace Events . | . . . . Feedback Events . | . . . . Feedback Blocked . | . . . . Robot Schematics Acquired . | . . . . Robots Built . | . . . . Authchips . | . . . . Time . | . . . . Total Robot Build Rating . | . . . . Part Schematics Acquired . | . . . . Parts Built . | . . . . Authchips . | . . . . Time . | . . . . Total Part Build Rating . | . . . . Part Studies Acquired . | . . . . Parts Repaired . | . . . . Time . | . . . . Parts Recycled . | . . . . Recycled Matter . | . . . . Retrieved Matter . | . . . . Retrieved Components . | . . . . Parts Scanalyzed . | . . . . Part Schematics Acquired . | . . . . Parts Damaged . | . . . . Bothacking | -11 -10 -10 -7 ------------ Run | Yrd Mat Sub Rec Used RIF Installer . | . . . . Robots Hacked . | . . . . Non-combat . | . . . . Combat . | . . . . Robot Hacks Applied . | . . . . Relay Couplers Released . | . . . . Fabnet Peak Effective % . | . . . . Robots Rewired 12 | . . . 12 Allies Hacked . | . . . . Hacks Repelled . | . . . . Allies | -11 -10 -10 -7 -------- Run | Yrd Mat Sub Rec Total Allies 12 | . . . 12 Largest Group 12 | . . . 12 Highest-Rated Group 248 | . . . 248 Highest-Rated Ally 34 | . . . 34 Total Orders . | . . . . Ally Attacks 28 | . . . 28 Total Damage 1506 | . . . 1506 Kills 11 | . . . 11 Allies Corrupted . | . . . . Allies Melted . | . . . . Intel | -11 -10 -10 -7 ------- Run | Yrd Mat Sub Rec Active Infowar (turns) 1616 | 145 794 89 588 Seismic 1616 | 145 794 89 588 Robot Analysis Total . | . . . . Derelict Logs Recovered . | . . . . Drone Launches . | . . . . Drone Recoveries . | . . . . Exploration | -11 -10 -10 -7 ------------- Run | Yrd Mat Sub Rec Turns Passed 2149 | 250 1222 89 588 Spaces Moved 1033 | 117 619 39 258 Core 2 | 2 . . . Treads 765 | . 468 39 258 Legs 266 | 115 151 . . Wheels . | . . . . Hover . | . . . . Flight . | . . . . Fastest Speed 50 | 50 120 160 160 Average Speed 149 | 118 150 160 160 Slowest Speed 160 | 120 160 160 160 Overloaded Moves . | . . . . Propulsion Burnouts . | . . . . Robots Hopped . | . . . . Potential Cave-ins . | . . . . Cave-ins Triggered . | . . . . Exploration Rate (%) 39 | 6 94 6 53 Regions Visited 3 Branch Regions 2 Pre-discovered Areas . | . . . . Known Exits Taken . | . . . . Unknown Exits Taken 3 | 1 1 1 . Scrap Searched . | . . . . Spaces Dug 1 | . 1 . . Terrain Destroyed 1 | . 1 . . Melee . | . . . . Projectile 1 | . 1 . . AOE . | . . . . Terrain Rammed . | . . . . Walls Destroyed . | . . . . Machines Disabled . | . . . . Actions | -11 -10 -10 -7 --------- Run | Yrd Mat Sub Rec Total 1415 | 178 784 50 403 Wait 63 | 23 34 2 4 Move 1030 | 116 618 38 258 Hop . | . . . . Pick Up 17 | 7 10 . . Fast Attach 11 | 7 4 . . Attach 1 | . 1 . . Detach . | . . . . Swap 20 | 1 19 . . Drop 21 | 1 20 . . Fire 127 | 23 75 10 19 Melee . | . . . . Ram . | . . . . Kick . | . . . . Crush 4 | . 3 . 1 Escape Stasis . | . . . . Rewire 121 | . . . 121 Trap . | . . . . Miscellaneous . | . . . . Route ------- -11/Scrapyard -10/Materials (discovered 5 exits: [*Mat x3] / [*Min] / [*Sub]) -10/Subcaves -7/Recycling History --------- Turn | Location | Event 13 | -11/Scrapyard | Discovered new exit (range 15) 251 | -11/Scrapyard | Entered Materials 303 | -10/Materials | Build established: Mutant 397 | -10/Materials | Core integrity fell below 50% 446 | -10/Materials | Destroyed 7 combat bots 547 | -10/Materials | Discovered new exit (range 15) 949 | -10/Materials | Discovered new exit (range 16) 1117 | -10/Materials | Discovered new exit (range 16) 1356 | -10/Materials | Discovered new exit (range 9) 1403 | -10/Materials | Discovered new exit (range 15) 1434 | -10/Materials | Build established: Scavenger-Mutant 1473 | -10/Materials | Entered Subcaves 1524 | -10/Subcaves | Discovered new exit (range 14) 1562 | -10/Subcaves | Entered Recycling 1591 | -7/Recycling | Core integrity fell below 20% 1784 | -7/Recycling | Scanned before Scraplab entrance 1947 | -7/Recycling | Build established: Commander-Mutant 2061 | -7/Recycling | Lost 11 allies 2142 | -7/Recycling | Angered Scraplab inhabitants 2150 | -7/Recycling | Destroyed by 8A-AS2(j) with Overtuned Pulse Rifle Last Messages --------------- 02028_ Switching to secondary target: Y-54 Guardian. 02030_ R-06 Scavenger collects Rnf. Deuterium Engine. 02030_ Trooper 4b destroyed. 02032_ R-06 Scavenger collects Sml. Storage Unit. 02033_ The unstable cave ceiling collapses. 02033_ R-06 Scavenger collects Imp. Light Armor Plating. 02034_ R-06 Scavenger collects Seismic Detector. 02036_ Y-54 Guardian destroyed. 02036_ R-06 Scavenger collects Cmb. Airjet. 02037_ R-06 Scavenger collects Com. Wheel. 02042_ The unstable cave ceiling collapses. 02063_ U-05 Engineer lays Concrete. 02065_ U-05 Engineer builds a Wall. 02069_ U-05 Engineer lays Concrete. 02126_ Slammed into R-06 Scavenger. 02141_ QG-Z6U(j) destroyed. Map ----- +----------------------------------------------------+ | | | | | | | | | | | | | | | | | | | | | | | | | | | | | | | | | | | | | | | | | | | ?????????????????????????????????#???????????????? | | ???????????????????????????????"""#??????????????? | | ????????????????????????????? X " ## #???????????? | | ????????????????????####### c #???????????? | | ???????????????????##= @/ j #???????????? | | ???????????????????#%=##### j "????????????? | | ???????????????????##!#?????? c ""????????????? | | ????????????????????#!#????????& X "?????????????? | | ????????????????????# #??????????"" ????????????? | | ?????????????????#### ####?????????#?????????????? | | ?????????????????# #???????????????????????? | | ?????????????????# #???????????????????????? | | ??##############?# #??????????????########## | | ??# #?# #??????????????# | | ??# #?####+####??????????????# | | ??# !% #????# #?????????????????# | | ??# #????# ###########???????# | | ??# % #????# + [[%###############+## | | ??# ##???##### # | | ?## % ########## + | | ?# [ / ## + # | | ?# ## ####### = / # ###+#########/## | | ?# * ! ## #?????#] !| # # #??# | | ?## % % / ## #?????# ! # # #??# | | ?# ## #?????# ! # # #??# | | ?# ######+## ### ### # # #??#= ! | | ?##### + ! + + #??# % | | ?????# #####+##########% # # #??# % | | ?????# #??? ????????# # # #??# % | +----------------------------------------------------+ Best States ------------- Heat Dissipation 25 Energy Generation 10 Energy Capacity 250 Matter Stores 300 Matter Capacity 400 Sight Range 16 Terrain Scan Density 10 Armor Coverage 150 Evasion (%) 55 Recoil Reduction 2 Item Schematics ----------------- None Robot Schematics ------------------ None Fabricated ------------ Nothing Repaired ---------- Nothing Studied --------- None Alien Tech Used ----------------- None Achievements -------------- None Challenges ------------ None Game ------ Seed GreatMinesnifferScythe Manual? 0 Play Time 00:13:35 Cumulative 267.2 hours Start 2026.03.06 @ 13:55:09 End 2026.03.06 @ 14:09:07 Sessions 1 Manual Loads 0 Difficulty Rogue Special Mode None Game No. 399 Rogue 397 Adventurer 0 Explorer 2 Win Type - Total 6 Types 4/0/1/1/0/0/0/0/0/0 Lore% 56 Gallery% 61 Achievement% 47 Wizard Run 0 Options --------- Layout 1 ASCII 0 Keyboard 1 Movement Arrows Keybinds 0 Fullscreen 1 Font 28/SmallcapsGlow Map View 50x40 Zoom Use 0% Tactical HUD 1 Map Filters NONE Filters NONE Steam 1 RUN: 641b8fad-355c-4287-80e7-e32b62e7f4e7